 Dungeon Crawl Stone Soup version 0.27-a0-488-g88baaf19db (webtiles) character file.

Game seed: 9490456448332232874

6684 HoaS the Grappler (level 10, 0/86 HPs)
             Began as a Demigod Gladiator on Mar 1, 2021.
             Slain by a six-headed hydra (9 damage)
             ... on level 1 of the Lair of Beasts.
             The game lasted 00:26:47 (11854 turns).

HoaS the Grappler (Demigod Gladiator)              Turns: 11854, Time: 00:26:48

Health: 0/86       AC: 15    Str: 23    XL:     10   Next: 45%
Magic:  13/13      EV: 15    Int: 10    God:
Gold:   715        SH:  0    Dex: 25    Spells: 9/9 levels left

rFire    . . .     SeeInvis .     - Unarmed
rCold    + . .     Faith    .   (no shield)
rNeg     . . .     Spirit   .   f - +2 chain mail {rC+}
rPois    .         Reflect  .   b - +2 helmet
rElec    .         Harm     .   (no cloak)
rCorr    .         Rampage  .   (no gloves)
Will     ++...                  (no boots)
Stlth    ..........             (no amulet)
HPRegen  0.24/turn              g - ring of willpower
MPRegen  0.13/turn              r - +6 ring of dexterity

@: lethally poisoned (0 -> -1)
A: high mp 1
a: no special abilities


You were on level 1 of the Lair of Beasts.
You visited 2 branches of the dungeon, and saw 10 of its levels.

You collected 715 gold pieces.

Inventory:

Missiles
 h - 42 poisoned darts (quivered)
 i - 4 boomerangs
Armour
 b - a +2 helmet (worn)
 f - a +2 chain mail of cold resistance (worn)
 q - a +0 plate armour
Jewellery
 g - a ring of willpower (left hand)
 r - a +6 ring of dexterity (right hand)
 t - a ring of flight
Wands
 j - a wand of polymorph (10)
 p - a wand of acid (10)
 x - a wand of flame (23)
Scrolls
 l - 2 scrolls of teleportation
 o - a scroll of blinking
 v - a scroll of magic mapping
Potions
 a - 3 potions of lignification
 d - a potion of invisibility
 k - 2 potions of might
 m - a potion of ambrosia
 n - 2 potions of berserk rage
 s - a potion of attraction {unknown}
 u - a potion of experience {unknown}


   Skills:
 + Level 7.0 Fighting
 - Level 1.7 Throwing
 + Level 6.6 Armour
 + Level 7.3 Dodging
 * Level 10.0 Unarmed Combat


You had 9 spell levels left.
You didn't know any spells.
Your spell library contained the following spells:

 Spells                   Type           Power        Failure   Level
 Beastly Appendage        Tmut           0%           95%         1
 Wereblood                Tmut           0%           98%         2
 Spider Form              Tmut/Pois      0%           100%        3
 Ice Form                 Ice/Tmut       0%           100%        4
 Blade Hands              Tmut           0%           100%        5


Dungeon Overview and Level Annotations

Branches:
Dungeon (9/15)             Temple (0/1) D:7            Lair (1/6) D:8
    Orc: D:9-12

Shops:
D:6 ?   D:7 ?

Annotations:
D:5 Prince Ribbit


Innate Abilities, Weirdness & Mutations

You have an increased reservoir of magic. (+10% MP)


Message History

You feel sick.
You feel sick.
You feel sick.
You feel sick.
You feel sick.
There is an open door here.
You feel sick.
You feel sick.
Aiming: Corrosive Bolt
Press: ? - help, Shift-Dir - straight line, f - six-headed hydra
Aim: a six-headed hydra (10% to evade)
The bolt of acid hits the six-headed hydra!
The six-headed hydra is splashed with acid!
The acid corrodes the six-headed hydra!
The six-headed hydra is moderately wounded.
Aiming: Throw Flame
Press: ? - help, Shift-Dir - straight line, f/p - six-headed hydra
Aim: a six-headed hydra (moderately wounded, covered in acid, 11% to evade)
The puff of flame hits the six-headed hydra!
The six-headed hydra is heavily wounded.
Aiming: Throw Flame
Press: ? - help, Shift-Dir - straight line, f/p - six-headed hydra
Aim: a six-headed hydra (heavily wounded, covered in acid, 11% to evade)
The puff of flame hits the six-headed hydra.
The six-headed hydra is heavily wounded.
You punch the six-headed hydra!
The six-headed hydra is severely wounded.
You feel sick. The six-headed hydra bites you. x2
The six-headed hydra bites you but does no damage.
The six-headed hydra bites you. x2; The six-headed hydra bites you!
You punch the six-headed hydra!
The six-headed hydra is severely wounded.
The six-headed hydra bites you!
The six-headed hydra bites you but does no damage.
The six-headed hydra bites you!
* * * LOW HITPOINT WARNING * * *
The six-headed hydra bites you!
* * * LOW HITPOINT WARNING * * *
The six-headed hydra bites you!
You die...

#...######.....##.###.
#.....................
#.....................
#....F..........##P##.
##..P#.######....######
#..#########...........
##.##......#....##.....
#.##.......#...#P.....
#.##<@D...##...##.....
#.P#.......'...##.....
#F##......##...##.....
#..##.######...##.....
##.###'#####P...######.
#...............###..#.
##.....................
##.##############..#.#
### ######


You could see a six-headed hydra (corroded).

Vanquished Creatures
  A cane toad (Lair:1)
  A komodo dragon (Lair:1)
  The ghost of Anon1729 the Skirmisher, an amateur DsMo (D:4)
  12 blink frogs
  Sigmund (D:5)
  5 yaks (D:8)
  2 wyverns (D:8)
  A basilisk (D:8)
  3 water moccasins (D:8)
  An orc warrior (D:6)
  A black bear (Lair:1)
  2 ogres
  The ghost of Anon1729 the Ducker, an amateur DsMo (D:3)
  A centaur (D:9)
  A phantom (D:4)
  4 bullfrogs
  2 scorpions
  3 howler monkeys
  4 quasits (D:4)
  A bullfrog zombie (D:4)
  2 jellies
  A centaur skeleton (D:4)
  3 hounds
  2 orc priests
  2 iguanas
  An orc wizard (D:3)
  8 worker ants
  A hound skeleton (D:6)
  A worker ant zombie (D:9)
  A howler monkey skeleton (D:6)
  3 gnolls (D:4)
  4 adders
  A shadow imp (D:5)
  2 white imps
  4 ufetubi
  2 adder skeletons (D:8)
  6 worms
  3 leopard geckos
  26 orcs
  3 ball pythons
  5 giant cockroaches
  11 hobgoblins
  9 jackals
  5 quokkas
  7 bats
  4 frilled lizards
  8 goblins
  A jackal skeleton (D:5)
  11 kobolds
  A quokka zombie (D:9)
  10 rats
196 creatures vanquished.

Vanquished Creatures (others)
  4 bushes (D:8)
  8 fungi
  29 plants
41 creatures vanquished.

Grand Total: 237 creatures vanquished

Notes
Turn   | Place    | Note
-------+----------+-------------------------------------------
     0 | D:1      | HoaS the Demigod Gladiator began the quest for the Orb.
     0 | D:1      | Reached XP level 1. HP: 17/17 MP: 3/3
   324 | D:1      | Reached XP level 2. HP: 24/24 MP: 4/4
   362 | D:1      | Reached skill level 3 in Unarmed Combat
  1097 | D:2      | Reached XP level 3. HP: 29/29 MP: 5/5
  1102 | D:2      | Reached skill level 1 in Armour
  1890 | D:3      | Found a transporter.
  2060 | D:3      | Reached XP level 4. HP: 21/37 MP: 6/6
  2207 | D:3      | Noticed Anon1729's ghost (amateur DsMo)
  2447 | D:3      | Found a transporter.
  2512 | D:3      | Found a sparkling altar of Nemelex Xobeh.
  2512 | D:3      | Found a snail-covered altar of Cheibriados.
  2586 | D:3      | Found a basalt altar of Yredelemnul.
  2941 | D:3      | Found a burning altar of Makhleb.
  3101 | D:4      | Reached skill level 4 in Unarmed Combat
  3101 | D:4      | Reached XP level 5. HP: 4/42 MP: 7/7
  3110 | D:4      | HP: 2/42 [poisoned by a worker ant]
  3118 | D:4      | HP: 2/42 [poisoned by a worker ant]
  3675 | D:4      | Reached XP level 6. HP: 38/51 MP: 8/8
  3837 | D:4      | Found a transporter.
  3849 | D:4      | Noticed Anon1729's ghost (amateur DsMo)
  3927 | D:4      | Found a transporter.
  4435 | D:5      | Entered Level 5 of the Dungeon
  4445 | D:5      | Reached skill level 5 in Unarmed Combat
  4635 | D:5      | Noticed Sigmund
  4652 | D:5      | Killed Sigmund
  4653 | D:5      | Reached XP level 7. HP: 55/58 MP: 9/9
  5128 | D:5      | Noticed Prince Ribbit
  6060 | D:6      | Found Compytuh's Magic Scroll Shop.
  6103 | D:6      | Found a shimmering altar of Xom.
  6333 | D:6      | Reached skill level 6 in Unarmed Combat
  6932 | D:3      | Killed Anon1729's ghost
  7034 | D:4      | Reached XP level 8. HP: 50/67 MP: 10/10
  7057 | D:4      | Killed Anon1729's ghost
  7058 | D:4      | Reached skill level 5 in Dodging
  7529 | D:7      | Found Nessadgh's Magic Scroll Shop.
  7668 | D:7      | Found a staircase to the Ecumenical Temple.
  7809 | D:6      | Reached skill level 7 in Unarmed Combat
  7997 | D:7      | Found a broken altar of Ashenzari.
  8096 | D:8      | Reached skill level 5 in Fighting
  8664 | D:8      | Found a blossoming altar of Fedhas.
  8742 | D:8      | Reached XP level 9. HP: 72/74 MP: 11/11
  8833 | D:8      | Reached skill level 5 in Armour
  8843 | D:8      | Reached skill level 8 in Unarmed Combat
  9264 | D:8      | Found a staircase to the Lair.
  9308 | D:8      | Found a sparkling altar of Nemelex Xobeh.
  9557 | D:8      | Found a shimmering blue altar of Sif Muna.
  9828 | D:9      | Found a shadowy altar of Dithmenos.
 10159 | D:9      | Found an ornate altar of the Wu Jian Council.
 10159 | D:9      | Noticed a boulder beetle
 10160 | D:9      | Found a hide-covered altar of Uskayaw.
 10192 | Lair:1   | Entered Level 1 of the Lair of Beasts
 10350 | D:8      | Reached skill level 9 in Unarmed Combat
 10636 | D:8      | Reached XP level 10. HP: 51/84 MP: 13/13
 11830 | Lair:1   | Noticed a six-headed hydra
 11833 | Lair:1   | Reached skill level 10 in Unarmed Combat
 11854 | Lair:1   | Slain by a six-headed hydra

Illustrated notes

Levels and vault maps discovered:
D:1:      onia_arrival_handbag, layout_basic
D:2:      layout_loops_cross
D:3:      layout_basic, lemuel_coloured_pillars_altar,
          gammafunk_temple_overflow_pools, gammafunk_ghost_arena,
          yredelemnul_altar_generic
D:4:      layout_basic, gammafunk_ghost_stat_death
D:5:      cheibrodos_quashed, layout_basic, chequers_serial_rivers_micro_c,
          uniq_sigmund, uniq_prince_ribbit1
D:6:      layout_loops_cross, overflow_temple_1_default, serial_shops,
          shop_fountains, minmay_misc_feat_rugged
D:7:      layout_basic, nicolae_overflow_crystal_walls,
          minmay_temple_entry_statues_fountains, serial_shops,
          kennysheep_mini_moat, st_stairs_8
D:8:      layout_loops_ring, general_overflow_altar, fedhas_altar_2,
          minmay_lair_entry_grove, nemelex_xobeh_ov_fountains_minmay
D:9:      layout_loops_ring, old_standard_altar, nzn_masters_of_martial_movement
Lair:1:   layout_regular_city, gammafunk_ghost_cemetery, beast_lair_carwin_7,
          serial_bayou_shore_a, uniq_urug

Skill      XL: |  1  2  3  4  5  6  7  8  9 10 |
---------------+-------------------------------+-----
Fighting       | 2 3 4 5 6 7 |  7.0
Unarmed Combat | 3 4 5 6 7 9 10 | 10.0
Dodging        | 3 4 5 6 7 |  7.3
Armour         | 1 2 3 4 6 |  6.6
Throwing       | |  1.7

Action                   |  1- 3 |  4- 6 |  7- 9 | 10-12 || total
-------------------------+-------+-------+-------+-------++-------
Melee: Unarmed           |   212 |   311 |   473 |   102 ||  1098
       Punch             |     1 |    11 |    31 |     2 ||    45
Throw: Throwing net      |       |     2 |     1 |     1 ||     4
Evoke: Wand              |       |       |       |     4 ||     4
  Use: Scroll            |     6 |     5 |    10 |       ||    21
       Potion            |       |       |     4 |     1 ||     5
 Stab: Sleeping          |     2 |       |       |       ||     2
Armor: Leather armour    |    11 |       |       |       ||    11
       Chain mail        |    80 |   149 |   208 |    33 ||   470
       Ring mail         |    12 |       |       |       ||    12
Dodge: Dodged            |    80 |    98 |   267 |    60 ||   505

Table legend: (Time is in decaauts)
 A = Elapsed time spent in this place.
 B = Non-inter-level travel time spent in this place.
 C = Inter-level travel time spent in this place.
 D = Time resting spent in this place.
 E = Time spent auto-exploring this place.
 F = Levels seen in this place.
 G = Mean time per level.
                   A        B        C        D        E       F      G
               +--------+--------+--------+--------+--------+-----+--------+
         Total |  11725 |  11260 |    465 |   4455 |   4665 |  10 | 1172.5 |
       Dungeon |  11330 |  10866 |    464 |   4408 |   4558 |   9 | 1258.9 |
          Lair |    395 |    395 |      0 |     47 |    107 |   1 |  395.0 |
               +--------+--------+--------+--------+--------+-----+--------+

Top non-repeatable levels by time:
     D:8: 3002 daAuts
     D:4: 1675 daAuts
     D:5: 1383 daAuts
     D:3: 1269 daAuts
     D:6: 1152 daAuts
     D:1: 1010 daAuts
     D:2: 835 daAuts
     D:7: 670 daAuts
  Lair:1: 395 daAuts
     D:9: 330 daAuts
